 Dungeon Crawl Stone Soup version 0.31.0-11-ge490571c62 (webtiles) character file.

Game seed: 14354453753234544063

133 NotreDorf the Grave Robber (level 4, 0/31 HPs)
             Began as a Mummy Necromancer on Jan 27, 2024.
             Slain by Grinder (9 damage)
             ... on level 3 of the Dungeon.
             The game lasted 00:07:08 (1472 turns).

NotreDorf the Grave Robber (Mummy Necromancer)      Turns: 1472, Time: 00:07:08

Health: 0/31       AC:  2    Str: 11    XL:     4   Next: 94%
Magic:  8/10       EV: 11    Int: 16    God:
Gold:   86         SH:  4    Dex: 12    Spells: 8/12 levels left

rFire   x . .        d - +3 trident
rCold   + . .        f - +0 buckler
rNeg    + + +        a - +0 robe
rPois   ∞            (no helmet)
rElec   .            (no cloak)
rCorr   .            (no gloves)
SInv    .            (no boots)
Will    .....        (no amulet)
Stlth   ++           (no ring)
HPRegen 0.25/turn    (no ring)
MPRegen 0.12/turn

%: faith
@: no status effects
A: cold resistance 1, negative energy resistance 3, torment resistance 2, heat
vulnerability 1, in touch with death 1, no potions, faith
a: no special abilities


You were on level 3 of the Dungeon.
You visited 1 branch of the dungeon, and saw 4 of its levels.

You collected 86 gold pieces.

Inventory:

Hand Weapons
 b - a +0 long sword
 d - a +3 trident (weapon)
Missiles
 e - 3 throwing nets
Armour
 a - a +0 robe (worn)
 f - a +0 buckler (worn)
Scrolls
 c - a scroll of fog {unknown}
 g - a scroll of vulnerability {unknown}


   Skills:
 + Level 0.6 Fighting
 - Level 1.5 Dodging
 - Level 1.5 Stealth
 + Level 0.4 Shields
 + Level 4.7 Spellcasting
 + Level 5.1 Necromancy


You had 8 spell levels left.
You knew the following spells:

 Your Spells              Type           Power      Damage    Failure   Level
a - Necrotise             Necr           100%       1d9       2%          1
b - Vampiric Draining     Necr           30%        2d8       9%          3

Your spell library contained the following spells:

 Spells                   Type           Power      Damage    Failure   Level
 Animate Dead             Necr           30%        N/A       26%         4
 Ensorcelled Hibernation  Hex/Ice        6%         N/A       34%         2
 Passwall                 Erth           3%         N/A       56%         3
 Swiftness                Air            3%         N/A       56%         3
 Curse of Agony           Necr           30%        N/A       58%         5


Dungeon Overview and Level Annotations

Branches:
Dungeon (4/15)
 Temple: D:4-7

Altars:

Shops:
D:4 [

Annotations:
D:3 Grinder


Innate Abilities, Weirdness & Mutations

You are immune to poison.
Your flesh is cold resistant. (rC+)
You are immune to negative energy. (rN+++)
You are immune to unholy pain and torment.
You are vulnerable to heat. (rF-)
You are in touch with the powers of death.
You do not drink.
You have a special connection with the divine. (Faith)


Message History

Press: ? - help, Shift-Dir - straight line, f - adder
Aim: an adder (chance to affect: 88%)
You feel a surge of power!
The adder writhes in agony.
Grinder shouts!
Casting: Necrotise (safe; 2% risk of failure)
Confirm with . or Enter, or press ? or * to list all spells.
Aiming: Necrotise (safe; 2% risk of failure)
Press: ? - help, Shift-Dir - straight line, f/p - adder
Aim: an adder (moderately wounded, chance to affect: 88%)
You feel a surge of power!
The adder writhes in agony!
Casting: Necrotise (safe; 2% risk of failure)
Confirm with . or Enter, or press ? or * to list all spells.
Aiming: Necrotise (safe; 2% risk of failure)
Press: ? - help, Shift-Dir - straight line, f/p - adder
Aim: an adder (almost dead, chance to affect: 88%)
You feel a surge of power!
The adder writhes in agony!
You kill the adder!
The dead are slithering!
Your adder skeleton misses Grinder.
Grinder says, "Just stop there for a second..."
You closely miss Grinder. Grinder hits you!
You hit Grinder.
Grinder is lightly wounded.
Your adder skeleton bites Grinder but does no damage.
Grinder closely misses you.
Your adder skeleton barely misses Grinder.
You hit Grinder but do no damage.
Grinder is lightly wounded.
Grinder hits you!
Your adder skeleton closely misses Grinder.
Grinder blinks!
You hit Grinder.
Grinder is lightly wounded.
Grinder hits you.
* * * LOW HITPOINT WARNING * * *
You closely miss Grinder.
Grinder is lightly wounded.
Grinder hits you!
You die...
Grinder says, "Now the real fun starts!"

##. #..
#.. #..
.. ###
.## #.#
#.# #.#
#Z# #.#
#@# #.#
#5# #.#
#.# #.#
#.# #.#
#.#####
#.#
#.....#
#.#
#####.#
#.# #.#
####)#
#.#
#....#


You could see Grinder (ally target) and a friendly adder skeleton.

Vanquished Creatures
  An iguana (D:4)
  3 gnolls (D:4)
  2 adders
  2 dart slugs (D:1)
  An orc (D:4)
  2 bats (D:1)
  5 endoplasms (D:1)
  3 giant cockroaches
  5 hobgoblins
  4 jackals (D:1)
  3 kobolds
  2 quokkas (D:1)
  A ball python (D:2)
  4 goblins
  A rat (D:1)
39 creatures vanquished.

Vanquished Creatures (collateral kills)
  A gnoll (D:4)
  A dart slug (D:1)
  A kobold (D:4)
3 creatures vanquished.

Grand Total: 42 creatures vanquished

Notes
Turn   | Place    | Note
-------+----------+-------------------------------------------
     0 | D:1      | NotreDorf the Mummy Necromancer began the quest for the
                  | Orb.
     0 | D:1      | Reached XP level 1. HP: 13/13 MP: 4/4
    88 | D:1      | Reached XP level 2. HP: 10/19 MP: 0/6
   547 | D:1      | Reached XP level 3. HP: 23/24 MP: 8/8
   551 | D:1      | Learned a level 3 spell: Vampiric Draining
  1030 | D:2      | You fall into a shaft and drop 2 floors!
  1118 | D:4      | Reached XP level 4. HP: 28/30 MP: 1/10
  1122 | D:4      | Reached skill level 5 in Necromancy
  1332 | D:4      | Found Reatu's Antique Armour Boutique.
  1462 | D:3      | Noticed Grinder
  1472 | D:3      | Slain by Grinder

Illustrated notes

Levels and vault maps discovered:
D:1:      minmay_arrival_open_corners, layout_loops_ring, serial_bayou_crossing
D:2:      layout_basic, hellmonk_ecumenical_altar_zigzags, uniq_robin
D:3:      layout_loops_ring, portal_sewer_entry_b, uniq_grinder, uniq_ijyb,
          uniq_crazy_yiuf_cottage
D:4:      cheibrodos_barr_body, layout_rooms, serial_shops,
          nicolae_shop_peninsula, chequers_mini_garden

Skill      XL: |  1  2  3  4 |
---------------+-------------+-----
Spellcasting   | 3 4 |  4.7
Necromancy     | 5 |  5.1
Fighting       | |  0.6
Dodging        | |  1.5
Stealth        | |  1.5
Shields        | |  0.4

Action                     |  1- 3 |  4- 6 || total
---------------------------+-------+-------++-------
  Melee: Unarmed           |     9 |       ||     9
         Long sword        |    38 |       ||    38
         Trident           |     3 |    13 ||    16
   Cast: Necrotise         |    36 |     9 ||    45
   Stab: Sleeping          |     3 |       ||     3
 Armour: Robe              |    38 |     8 ||    46
  Dodge: Dodged            |    34 |     5 ||    39
